[Event "GrandPrix_29.05"]
[Site "Chess.com"]
[Date "2020.05.29"]
[Round "4"]
[White "PotapovaM"]
[Black "2346PL"]
[Result "1-0"]
[WhiteElo "2176"]
[BlackElo "2040"]
[TimeControl "600+2"]
[EndTime "11:01:14 PDT"]
[Termination "PotapovaM won on time"]

1. d4 f5 2. e4 fxe4 3. Nc3 Nf6 4.
Bg5 Nc6 5. d5 Ne5 6. Qe2 Nf7 7. h4 h6 8. Bxf6 exf6 9. Qxe4+ Qe7 10.
Qxe7+ Bxe7 11. O-O-O Bc5 12. Re1+ Kd8 13. Ne4 Re8 14.
Nf3 Bb6 15. Bd3 d6 16. Bb5 Bd7 17. Bxd7 Kxd7 18. g4 Ne5 19. Nxe5+ Rxe5 20. c4 Rae8 21. f3 h5 22. c5 dxc5 23. Reg1 c4 24. Rg2 R8e7 25.
gxh5 Rxh5 26. Rxg7 Rxg7 27. Nxf6+ Kd6 28. Nxh5 Rf7 29. Rf1 Ke5 30. f4+ Kxd5 31. f5 Bd4 32. Kc2 Be5 33. f6 Ke6 34. Ng7+ Kd5 35. Nh5 Ke6 36. Rf3 Rh7 37. Ng7+ Kf7 38. Rf5 Bxf6 39. Nh5 Kg6 40. Nxf6 Rxh4 41. Rf2 c6 42. Nd7 Re4 43. Nc5 Re7 44. a4 b6 45. Na6 Kg5 46. Nb4 Re6 47.
Kc3 a5 48. Nc2 b5 49. axb5 cxb5 50. Nd4 Re3+ 51. Kc2 b4 52. Rf5+ Kg4 53. Rxa5 b3+ 54. Kc1 Kf4 55. Ra4 1-0

[Event "GrandPrix_29.05"]
[Site "Chess.com"]
[Date "2020.05.29"]
[Round "4"]
[White "Cocolino12"]
[Black "dosto07"]
[Result "1/2-1/2"]
[WhiteElo "2316"]
[BlackElo "2109"]
[TimeControl "600+2"]
[EndTime "11:01:15 PDT"]
[Termination "Game drawn by repetition"]

1. e4 e5 2. Nf3 Nc6 3. Nc3 Nf6 4. Bb5 Bb4 5. O-O O-O 6. d3 d6 7. Bg5 Bxc3 8. bxc3 Qe7 9. Re1 h6 10. Bh4 Bg4 11.
h3 Bd7 12. Rb1 Rfe8 13. Nh2 g5 14. Bg3 b6 15. Ng4 Nxg4 16. hxg4 Rad8 17. f3 Na5 18. Bxd7 Qxd7 19. c4 Nb7 20. Bf2 Nc5 21. c3 Ne6 22. g3 c5 23. Kg2 Kg7 24. Rh1 Rh8 25. Rh5 Kg6 26. Be3 f6 27. Qc2 Ng7 28. Rh2 Rb8 29. a4 a6 30. Qd1 b5 31. axb5 axb5 32. cxb5 Rxb5 33. c4 Rb4 34. Bd2 Rb7 35. Rxb7 Qxb7 36. Qc2 h5 37. gxh5+ Rxh5 38. Rxh5 Kxh5 39. f4 gxf4 40.
gxf4 Kg6 41. f5+ Kf7 42. Bh6 Qb4 43. Qe2 Ne8 44. Kf3 Qb1 45. Bd2 Ng7 46. Qg2 Qxd3+ 47. Be3 Qd1+ 48. Kf2 Qc2+ 49. Kf3 Qxg2+ 50. Kxg2 Ne8 51.
Kf3 Nc7 52. Ke2 Ke7 53. Bh6 Na8 54. Kd3 Nb6 55. Bd2 Nd7 56. Ba5 Nb8 57. Bd2 Nc6 58. Bh6 Kf7 59. Kc3 Ke8 60. Bg7 Kf7 61. Bh6 Nd4 62.
Kd3 Ke7 63. Bd2 Kd7 64. Bh6 Nf3 65. Be3 Nd4 66. Bh6 Nc6 67. Bg7 Ke7 68. Bh6 Nd8 69. Bd2 Nf7 70. Ba5 Ng5 71. Bb6 Kd7 72. Ba5 Kc8 73. Bb6 Kd7 74. Ba5 Nf7 75. Bd2 Kc6 76. Ba5 Kb7 77. Ke3 Ka6 78. Bc3 Ng5 79. Kd3 Kb6 80. Bd2 Nf7 81. Bc3 Kc6 82. Ba5 Kd7 83. Bd2 Nd8 84. Bh6 Nb7 85. Bd2 Nd8 86. Ba5 Nc6 87.
Bd2 Nd4 88. Bh6 1/2-1/2

[Event "GrandPrix_29.05"]
[Site "Chess.com"]
[Date "2020.05.29"]
[Round "4"]
[White "Igor_Lysyj"]
[Black "Misterlose0"]
[Result "1-0"]
[WhiteElo "2364"]
[BlackElo "1527"]
[TimeControl "600+2"]
[EndTime "11:01:17 PDT"]
[Termination "Igor_Lysyj won on time"]

1. d4 Nf6 2. c4 c5 3. d5 e6 4. Nc3 exd5 5. cxd5 d6 6. Nf3 g6 7. Bf4 a6 8. a4 Bg7 9. h3 O-O 10. e3 Ne8 11. Be2 Nd7 12. O-O Ne5 13. Bxe5 Bxe5 14. Nxe5 dxe5 15. a5 Bd7 16. Ne4 Rc8 17. Qb3 Bf5 18. Nd2 Nd6 19. Nc4 Nxc4 20. Bxc4 Rb8 21. Qc3 Qd6 22. Ra3 b5 23. axb6 Rxb6 24. Rfa1 Bc8 25.
e4 f5 26. f4 Re8 27. Re1 Bd7 28. exf5 exf4 29. Rxe8+ Bxe8 30. Ra1 gxf5 31. Re1 Bf7 32. b3 Qf6 33. Qd2 Qd4+ 34. Qxd4 cxd4 35. Rd1 Kg7 36.
Rxd4 Kf6 37. d6 Rb8 38. Kf2 Rd8 39. Bxf7 Kxf7 40. Kf3 Ke6 41. Kxf4 Rxd6 42. Rc4 Rb6 43. b4 Kf6 44. g3 h6 45. h4 h5 46. Rd4 Rc6 47. Rd8 Rc4+ 48. Kf3 Rxb4 49. Rd6+ Ke5 50.
Rxa6 Rb3+ 51. Kg2 Rb2+ 52. Kh3 Ke4 53. Ra4+ Kf3 54. Rf4+ Ke3 55. Rxf5 Rb1 56. Rxh5 Ke4 57. Ra5 Rb8 58. Ra4+ 1-0

[Event "GrandPrix_29.05"]
[Site "Chess.com"]
[Date "2020.05.29"]
[Round "4"]
[White "troisi"]
[Black "ENajer77"]
[Result "1/2-1/2"]
[WhiteElo "1531"]
[BlackElo "1950"]
[TimeControl "600+2"]
[EndTime "11:01:18 PDT"]
[Termination "Game drawn by repetition"]

1. e4 c6 2. d4 d5 3. Nc3 dxe4 4.
Nxe4 Bf5 5. Ng3 Bg6 6. Bc4 e6 7. N1e2 Bd6 8. Nf4 Nf6 9. Qe2 Qc7 10. Nd3 Nbd7 11. Bd2 O-O 12. O-O e5 13. dxe5 Nxe5 14. Nxe5 Bxe5 15. c3 Rfe8 16. Qf3 Rad8 17. Bg5 b5 18. Bb3 Rd3 19. Be3 h5 20. Rfd1 Rxd1+ 21. Qxd1 h4 22. Nf1 Rd8 23. Qe1 Ng4 24. h3 Nxe3 25. Nxe3 Bh2+ 26. Kh1 Bf4 27. Nf1 c5 28. Rd1 c4 29. Rxd8+ Qxd8 30. Bd1 Kf8 31. Ne3 Bc7 32. a4 Qd6 33. Nf1 a6 34. Kg1 Bd3 35. axb5 axb5 36. Bf3 g6 37. Qe3 Kg7 38. Qg5 b4 39. cxb4 Qxb4 40.
Qd2 Qb3 41. Qc3+ Qxc3 42. bxc3 Be5 43. Ne3 Bf4 44. Bd5 Bxe3 45. fxe3 f5 46. Kf2 Kf6 47. g3 Ke5 48. Bf7 g5 49. gxh4 gxh4 50. Be8 Be4 51.
Bf7 Bd5 52. Bh5 Be6 53. Bf3 f4 54. exf4+ Kxf4 55. Be2 Bd5 56. Bf1 Be6 57. Be2 Ke4 58. Bf1 Kf4 59. Be2 1/2-1/2

[Event "GrandPrix_29.05"]
[Site "Chess.com"]
[Date "2020.05.29"]
[Round "4"]
[White "Magicmaster17"]
[Black "Yurovskykh_Alexander"]
[Result "1-0"]
[WhiteElo "2361"]
[BlackElo "2098"]
[TimeControl "600+2"]
[EndTime "11:01:19 PDT"]
[Termination "Magicmaster17 won on time"]

1. Nf3 d5 2. d4 Nf6 3. c4 dxc4 4. e3 e6 5. Bxc4 c5 6. O-O Nc6 7. a3 cxd4 8. exd4 Be7 9. Nc3 O-O 10. Bg5 b6 11. Qd3 Bb7 12. Rad1 Nd5 13. Bxd5 Bxg5 14. Be4 g6 15. d5 exd5 16. Nxd5 Bf6 17. b4 Bg7 18. Rfe1 Ne5 19. Nxe5 Bxe5 20. g3 Re8 21. Bg2 Rc8 22. Qb5 a6 23. Qxb6 Bxd5 24. Qxd8 Rcxd8 25. Rxd5 Bb2 26. Rxe8+ Rxe8 27. a4 Bc3 28. Bf1 Bxb4 29. Bxa6 Re1+ 30. Kg2 Ra1 31. Bc4 Rxa4 32. Rd7 Bc5 33. Bxf7+ Kh8 34. Rc7 Bb6 35. Rc6 Rb4 36. Rc2 Kg7 37. Bd5 g5 38. Bf3 h6 39. Be2 Rb3 40. Rc6 Rb2 41. Kf1 Rb1+ 42. Kg2 Rb2 43. Re6 Bd4 44. Re4 Bc5 45. h4 gxh4 46.
gxh4 Bb6 47. f4 Rb3 48. Bf3 Re3 49. Rb4 Bc5 50. Rc4 Be7 51. Kg3 Bxh4+ 52. Kg4 Bf6 53. Rc7+ Re7 54. Rc6 Ra7 55. Bd5 Rd7 56. Be4 Re7 57.
Kf5 Rf7 58. Bd5 Rf8 59. Rc7+ Kh8 60. Kg6 1-0

[Event "GrandPrix_29.05"]
[Site "Chess.com"]
[Date "2020.05.29"]
[Round "4"]
[White "Bestromano"]
[Black "ZefirKa"]
[Result "1-0"]
[WhiteElo "2012"]
[BlackElo "2084"]
[TimeControl "600+2"]
[EndTime "11:01:23 PDT"]
[Termination "Bestromano won on time"]

1. e4 c6 2. d4 d5 3. e5 Bf5 4. Nd2 e6 5. Nb3 c5 6. dxc5 Bxc5 7. Nxc5 Qa5+ 8. c3 Qxc5 9. Be3 Qc7 10. f4 Ne7 11.
Nf3 O-O 12. Be2 Nbc6 13. O-O Be4 14. Nd4 a6 15. Bf3 Nxd4 16. Bxd4 Nf5 17. Bf2 Rad8 18.
g4 Ne7 19. Qe2 f5 20. exf6 Bxf3 21. Qxf3 Rxf6 22. Bd4 Rf7 23. Qe3 Ng6 24. f5 exf5 25. Rxf5 Nh4 26. Rxf7 Qxf7 27. Rf1 Qg6 28. Qg3 Qh6 29.
Be3 Qe6 30. Bg5 Qb6+ 31. Rf2 Ng6 32. Bxd8 Qxd8 33. Rf5 h6 34. g5 h5 35. Qd3 Qb6+ 36.
Kf1 Qxb2 37. Rxd5 Qc1+ 38. Kf2 Qf4+ 39. Ke2 Qxh2+ 40. Kd1 Qg1+ 41. Kc2 Qf2+ 42. Kb3 Qb6+ 43. Ka3 Kh7 44. c4 Qg1 45. Rd6 Qxg5 46. Kb4 h4 47. c5 Qg2 48. Rd4 Qb2+ 49. Ka5 Qxa2+ 50. Kb6 Qb2+ 51.
Kc7 Kh6 52. Rd6 Qg2 53. Qe3+ Kh5 54. Qd4 Ne7 55. Qe5+ Qg5 56. Qxg5+ Kxg5 57. Kxb7 h3 58. Rd7 Kf6 59. Rd3 1-0

[Event "GrandPrix_29.05"]
[Site "Chess.com"]
[Date "2020.05.29"]
[Round "4"]
[White "Zhuu96"]
[Black "Infernal_XaM"]
[Result "0-1"]
[WhiteElo "2587"]
[BlackElo "2877"]
[TimeControl "600+2"]
[EndTime "11:01:26 PDT"]
[Termination "Infernal_XaM won by resignation"]

1. d4 Nf6 2. Nf3 e6 3. c4 c5 4. g3 cxd4 5. Nxd4 Nc6 6. Bg2 Ne5 7. Nd2 Bc5 8. N2b3 Nxc4 9. Nxc5 Qa5+ 10. Bd2 Qxc5 11.
Bc3 O-O 12. Rc1 Qb6 13. b3 Ne5 14. Qd2 d5 15. O-O Ng6 16. a4 Bd7 17. Ba5 Qa6 18.
Bc7 Rac8 19. Rfe1 b6 20. Bd6 Rxc1 21. Rxc1 Rc8 22. e3 e5 23. Rxc8+ Qxc8 24. Ne2 Be6 25. Nc3 Qc6 26. Ba3 h6 27. Bb2 Qc5 28. Nb5 a6 29. Ba3 Qc8 30. Nd6 Qc6 31. h4 Nf8 32.
Bf1 a5 33. Nb5 N8d7 34. Bb2 Ne4 35. Qd1 Nec5 36. Bg2 Ne4 37. Bf3 f6 38. Bg2 Ndc5 39. Qc2 Qd7 40. Ba3 Bf5 41. Qd1 Bh3 42. Bxh3 Qxh3 43.
Qxd5+ Qe6 44. Qxe6+ Nxe6 45. Nd6 Nd2 46. Nc8 Nxb3 47.
Nxb6 Nd2 48. Bb2 Nc5 49. Bc3 Ndb3 50. Kf1 Kf7 51. Ke2 Ke6 52. Be1 e4 53. Bc3 Kd6 54.
Nc4+ Kd5 55. Nxa5 Nc1+ 56. Kf1 Nxa4 57. Bb4 h5 58. Ba3 Nd3 59. Nb3 Nc3 60. Nd4 Nd1 61.
Nf5 g6 62. Ne7+ Ke6 63. Nxg6 N1xf2 64. Ke2 Nh1 65. Nf4+ Nxf4+ 66. gxf4 Ng3+ 67. Kf2 Nf5 68. Bc5 Nxh4 69. Kg3 Nf5+ 70. Kg2 Kd5 71. Bb6 Kc4 72. Kf2 Kd3 73. Ba7 h4 74. Bb6 Nh6 75. Kg2 Ng4 76. Kh3 Nxe3 77. Kxh4 Nd5 78. Ba7 Nxf4 79. Kg4 Nd5 80. Kf5 e3 81. Ke6 e2 82. Bf2 Ke4 0-1

[Event "GrandPrix_29.05"]
[Site "Chess.com"]
[Date "2020.05.29"]
[Round "4"]
[White "1stSecond"]
[Black "Luq27"]
[Result "1-0"]
[WhiteElo "2592"]
[BlackElo "2337"]
[TimeControl "600+2"]
[EndTime "11:01:28 PDT"]
[Termination "1stSecond won on time"]

1. Nf3 Nf6 2. g3 d5 3. Bg2 c6 4. O-O Bf5 5. d3 Nbd7 6. Nbd2 h6 7. Re1 e6 8. e4 dxe4 9. dxe4 Bh7 10. e5 Nd5 11. a3 Be7 12. Ne4 O-O 13. Qe2 Qc7 14. c4 N5b6 15. Bf4 Rfd8 16. h4 Bxe4 17. Qxe4 Nc5 18.
Qc2 Nd3 19. Re4 Nxf4 20. Rxf4 Nd7 21. Re1 Nc5 22. Bf1 a5 23. b4 axb4 24. axb4 Na6 25. c5 Nxb4 26. Rxb4 Rd5 27. Qb2 Ra7 28. Rb1 Rd7 29.
Qc1 Qa5 30. Rg4 Kh8 31. Rc4 Rd5 32. Qf4 Kg8 33. Qe4 Bxc5 34. Bd3 Kf8 35. Qh7 Qa2 36. Rf1 Ra3 37. Rc2 Qb3 38. Be4 g6 39. Qh8+ Ke7 40. Qf6+ Ke8 41. Bxd5 Qxc2 42. Bxe6 fxe6 43. Qxe6+ Kf8 44.
Qc8+ Kf7 45. Qxb7+ Kg8 46. Qc8+ Kg7 47. Qd7+ Kg8 48.
Qe6+ Kh7 49. Qf7+ Kh8 50. Kg2 Ra2 51. h5 g5 52. Qf6+ Kh7 53. e6 Bxf2 54. Qg6+ Qxg6 55. hxg6+ Kxg6 56. Rxf2 Rxf2+ 57. Kxf2 Kf6 58. Ne5 Kxe6 59. Nxc6 Kf5 60. Kf3 h5 61. Nd4+ Ke5 62. Ke3 Kd5 63. Nf3 1-0

[Event "GrandPrix_29.05"]
[Site "Chess.com"]
[Date "2020.05.29"]
[Round "4"]
[White "Azatic"]
[Black "Artur0208"]
[Result "1-0"]
[WhiteElo "2598"]
[BlackElo "2328"]
[TimeControl "600+2"]
[EndTime "11:01:32 PDT"]
[Termination "Azatic won by resignation"]

1. e4 e5 2. Nf3 Nc6 3. Bb5 a6 4. Ba4 g6 5. d4 exd4 6. Bg5 Be7 7. Bf4 Nf6 8. e5 Nh5 9. Bh6 b5 10. Bb3 d5 11. Nxd4 Nxd4 12. Qxd4 Be6 13. c3 c5 14. Qd2 Qc7 15. O-O Qxe5 16. Re1 Qd6 17. a4 Rb8 18. axb5 axb5 19. Na3 Kd8 20. Bd1 Qd7 21.
Be2 Re8 22. Red1 Nf6 23. Bxb5 Rxb5 24. Nxb5 Qxb5 25. c4 Qb4 26. Qf4 Kc8 27. Bg5 Nd7 28. Ra8+ Nb8 29. cxd5 Qxf4 30. Bxf4 Kb7 31. Rxb8+ Rxb8 32. Bxb8 Bxd5 33. Rxd5 Kxb8 34. Rd7 Bf6 35. b3 Bd4 36.
Rxf7 h5 37. Kf1 Kc8 38. Ke2 Kd8 39. f4 Ke8 40. Rb7 Kf8 41. Kf3 Kg8 42. Ke4 Bg1 43.
h3 Bf2 44. f5 gxf5+ 45. Kxf5 Be3 46. g4 hxg4 47. hxg4 Kf8 48. Kg6 Bd4 49. g5 Ke8 50.
Kf5 Kf8 51. Kg6 Be3 52. Rc7 Ke8 53. Kh5 Kf8 54. g6 Kg8 55. Rf7 Bd2 56. Kg4 Be3 57. Kf5 Bd4 58. Ke4 Kh8 59. b4 Bg1 60. b5 c4 61. Rc7 Kg8 62. Rxc4 Kg7 63. Rc6 1-0

[Event "GrandPrix_29.05"]
[Site "Chess.com"]
[Date "2020.05.29"]
[Round "4"]
[White "Sunerorlater"]
[Black "tsvet2005"]
[Result "1/2-1/2"]
[WhiteElo "2267"]
[BlackElo "2184"]
[TimeControl "600+2"]
[EndTime "11:01:32 PDT"]
[Termination "Game drawn by agreement"]

1. e4 c5 2. Nf3 d6 3. Bb5+ Nd7 4. a4 a6 5. Bc4 Ngf6 6. d3 e6 7. Nc3 Be7 8. O-O O-O 9. Bd2 b6 10.
Ba2 Bb7 11. Re1 Qc7 12. h3 Rad8 13. Ne2 Ne5 14. Nh2 c4 15. Nf4 cxd3 16. cxd3 Ng6 17. Rc1 Qb8 18. Nf3 Rc8 19. Rxc8 Rxc8 20. Qb3 Bc6 21.
Nxg6 hxg6 22. Ng5 d5 23. e5 Nd7 24. d4 b5 25. a5 Qc7 26. h4 Bb7 27. Rc1 Qd8 28.
Rxc8 Qxc8 29. Qf3 Bxg5 30. Bxg5 Qc2 31. Qc3 Qxc3 32. bxc3 f6 33. exf6 gxf6 34. Bf4 e5 35. Be3 Nf8 36. Kf1 Ne6 37. Ke2 exd4 38. cxd4 f5 39. Kd3 Kf7 40. Kc3 Kf6 41. Bb1 Bc6 42. Bd2 Bb7 43. g3 Bc6 44. Kd3 Bb7 45. Bb4 Nd8 46. Ba2 Nc6 47. Bd2 Ke6 48. f3 b4 49.
g4 fxg4 50. fxg4 Nxa5 51. Bxb4 Nc4 52. Bb3 a5 53. Bc5 Ba6 54. Kc3 Ne3 55. h5 Nxg4 56.
hxg6 Kf6 57. Bc2 Ne3 58. Bb1 Bc8 59. Bb6 Bf5 60. Ba2 Nc4 61. Bxc4 dxc4 62. Kxc4 Be6+ 63. Kb5 Kxg6 64. Kxa5 Kf7 65. Kb4 Ke8 66. Kc5 Kd7 67.
Ba5 Bf7 68. Bd2 Bg8 1/2-1/2

[Event "GrandPrix_29.05"]
[Site "Chess.com"]
[Date "2020.05.29"]
[Round "4"]
[White "Semen_Khanin"]
[Black "temus_galaktionov"]
[Result "0-1"]
[WhiteElo "2427"]
[BlackElo "2439"]
[TimeControl "600+2"]
[EndTime "11:01:34 PDT"]
[Termination "temus_galaktionov won by resignation"]

1. e4 c6 2. d4 g6 3. Nd2 Bg7 4. Ngf3 d6 5. Bd3 Nd7 6. Nf1 e5 7.
c3 Ngf6 8. Ng3 O-O 9. O-O Re8 10. Re1 b6 11. a4 a5 12. h4 Qc7 13. h5 Bb7 14. h6 Bf8 15. dxe5 dxe5 16. Bc4 Ba6 17. Ba2 c5 18. Bg5 c4 19. Nd2 Rac8 20. Qf3 Be7 21. Ngf1 Qd6 22. Rad1 Qe6 23. Ne3 Rc5 24. b4 cxb3 25. Bxb3 Qc6 26. Nd5 Bd8 27. Nf1 Nxd5 28. Bxd5 Rxd5 29. exd5 Qxa4 30. Bxd8 Rxd8 31. Rxe5 Qh4 32.
Qe4 Qxe4 33. Rxe4 Nf6 34. Rf4 Rd6 35. Ne3 Kf8 36. g4 g5 37. Rf5 Ne4 38. c4 Rxh6 39. Re5 Nd6 40. Rxg5 Bxc4 41. Re5 Bb3 42. Rc1 a4 43. g5 Rg6 44. f4 h6 45. Kf2 a3 46.
Ng2 hxg5 47. fxg5 Nc4 48. Re4 Rxg5 49. Rexc4 Bxc4 50. Rxc4 Rxd5 51. Ne3 Ra5 52. Nc2 a2 53. Na1 Ke7 54. Rb4 Ra6 55. Ke3 Kd6 56. Kd4 Kc6 57. Kc3 Kd5 58. Rf4 Ra7 59. Kb2 Ke5 60. Rf1 f5 61. Nc2 f4 62. Na3 b5 63. Kb3 Ke4 64. Kb2 f3 65. Ra1 f2 66. Nc2 Rf7 67. Rf1 Kd3 68.
Kb3 Ke2 69. Ra1 f1=Q 70. Rxf1 Rxf1 71. Kxa2 Kd3 72. Kb2 Rf2 0-1

[Event "GrandPrix_29.05"]
[Site "Chess.com"]
[Date "2020.05.29"]
[Round "4"]
[White "GM_RobertoMogranzini"]
[Black "Nikithebest"]
[Result "0-1"]
[WhiteElo "1812"]
[BlackElo "2140"]
[TimeControl "600+2"]
[EndTime "11:01:41 PDT"]
[Termination "Nikithebest won by resignation"]

1. c4 c5 2. g3 g6 3. Bg2 Nc6 4. Nc3 Bg7 5. d3 d6 6. Bd2 Bf5 7. Qc1 Qd7 8. h4 h5 9. a3 Rc8 10. b4 b6 11. Rb1 Nh6 12. Nd5 Ng4 13. Bc3 O-O 14. Bxg7 Kxg7 15. Nf3 Nd4 16. Qb2 e5 17. O-O Nxf3+ 18. Bxf3 Nf6 19. Nxf6 Kxf6 20. Bg2 Qe7 21. e4 Bg4 22. f3 Bd7 23. f4 Kg7 24. f5 f6 25. Qe2 Rh8 26. Rf2 gxf5 27. exf5 Bc6 28.
b5 Bxg2 29. Rxg2 Rcg8 30. Qe4 Qd7 31. Kh2 Kf7 32. g4 hxg4 33. Rxg4 Rxg4 34. Qxg4 Rg8 35.
Qe4 Kf8 36. Rg1 Rxg1 37. Kxg1 Qg7+ 38. Kf2 Qd7 39. Ke2 Qe8 40. a4 Qh5+ 41. Kd2 Qh6+ 42.
Kc2 Qh5 43. Kd2 Kg7 44. Ke1 Kh6 45. Kd2 Kh7 46. Ke1 Kh6 47. Kf2 Qd1 48. Qf3 Qxa4 49. Qg4 Qc2+ 50. Ke3 Qc1+ 51. Ke4 Qh1+ 52. Ke3 Qc1+ 53.
Ke4 Qh1+ 54. Ke3 Qe1+ 55. Kf3 Qf1+ 56. Ke3 Qe1+ 57. Kf3 Qd1+ 58. Kg3 Qxd3+ 59. Kh2 Qd2+ 60. Kh1 Qe1+ 61. Kh2 Qf2+ 62. Kh1 Qe1+ 63. Kh2 Qd2+ 64. Kh1 Qc1+ 65. Kh2 Qf4+ 66. Qxf4+ exf4 0-1

[Event "GrandPrix_29.05"]
[Site "Chess.com"]
[Date "2020.05.29"]
[Round "4"]
[White "LiamVrolijk"]
[Black "Zubrrr"]
[Result "0-1"]
[WhiteElo "2293"]
[BlackElo "2605"]
[TimeControl "600+2"]
[EndTime "11:01:43 PDT"]
[Termination "Zubrrr won by resignation"]

1. c4 f5 2. g3 Nf6 3. Bg2 g6 4. d4 Bg7 5. Nh3 O-O 6. O-O Nc6 7. Nc3 d6 8. d5 Na5 9. Qd3 c5 10. Bd2 a6 11. b3 Rb8 12. Nf4 Ne8 13. Rab1 Bd7 14.
e4 b5 15. Bh3 bxc4 16. bxc4 Rb4 17. Nce2 Nxc4 18. Bxb4 Ne5 19. Qxa6 cxb4 20. exf5 Nc7 21.
Qb7 Bc8 22. Qxb4 g5 23. Ne6 Nxe6 24. fxe6 Ba6 25. Qe4 Bd3 26. Qe3 Rf3 27. Qa7 Bxb1 28. Rxb1 Rf8 29. Nd4 g4 30. Bg2 Qe8 31. Nc6 Bf6 32. Be4 h5 33. Rb8 Nxc6 34. Rxe8 Nxa7 35. Rxf8+ Kxf8 36. Bg6 h4 37. gxh4 Bxh4 38. Bf5 Kg7 39. Bxg4 Kf6 40. Be2 Ke5 41. Bc4 Kd4 42. Bb3 Nb5 43.
Kg2 Nc3 44. Kh3 Bxf2 45. Kg4 Nxd5 46. h4 Be3 47. Kf5 Nc7 48. Kg6 d5 49. Kf7 Ke5 50. Kxe7 Nxe6 51. h5 Bg5+ 52. Kf7 Nf4 53. Kg7 Bf6+ 54.
Kh6 d4 55. a4 Bd8 56. Bd1 Kf6 57. Bc2 d3 58. Bd1 Nd5 59. Kh7 Ne3 60. Bb3 d2 61.
h6 Kg5 62. Bd1 Nxd1 0-1

[Event "GrandPrix_29.05"]
[Site "Chess.com"]
[Date "2020.05.29"]
[Round "4"]
[White "ValeriyGrinev"]
[Black "tsaruk_maks"]
[Result "0-1"]
[WhiteElo "2041"]
[BlackElo "2238"]
[TimeControl "600+2"]
[EndTime "11:01:43 PDT"]
[Termination "tsaruk_maks won by resignation"]

1. c4 Nf6 2. Nc3 e5 3. g3 d5 4. cxd5 Nxd5 5. Bg2 Nb6 6. d3 Be7 7. Be3 O-O 8. Rc1 Nc6 9. Bxc6 bxc6 10. Nf3 f6 11. d4 exd4 12. Qb3+ Kh8 13. Nxd4 c5 14. Ne6 c4 15. Nxd8 cxb3 16. Nc6 Bb7 17. Nb5 bxa2 18. O-O a1=Q 19. Rxa1 Bxc6 20. Nxc7 Rac8 21. Rxa7 Nc4 22. Bd4 Rf7 23. Ne6 Bd5 24. Nf4 Bc5 25. Bxc5 Rxc5 26. Ra4 Bb7 27. Nd3 Rcc7 28. b4 h6 29. Nc5 Rfe7 30.
Rc1 Nb6 31. Ra7 Bd5 32. Ra6 Nd7 33. Rd6 Nxc5 34. Rxd5 Ne4 35. Rxc7 Rxc7 36. f3 Nc3 37. Rd8+ Kh7 38. Kf2 Rb7 39. Rd3 Na2 40. Ra3 Nxb4 41. Rb3 Rb8 42. h4 Nc6 43. Rc3 Ne5 44. g4 h5 45. g5 Kg6 46. gxf6 gxf6 47. Rc1 Rb4 48. Rg1+ Kf7 49. Kg3 Rb2 50. Re1 Ke6 51. Kf4 Rb4+ 52. Kg3 Kf5 53. Ra1 Rb2 54. e4+ Kg6 55. Ra3 Rd2 56.
f4 Rd3+ 57. Rxd3 Nxd3 58. Kf3 Nc5 59. Ke3 Kf7 60. Kd4 Ne6+ 61. Ke3 Ng7 62. f5 Ke7 63. Kf4 Kd6 64. e5+ fxe5+ 65. Kg5 e4 66. Kf4 Nxf5 67.
Kxe4 Nxh4 68. Kf4 Ng6+ 0-1

[Event "GrandPrix_29.05"]
[Site "Chess.com"]
[Date "2020.05.29"]
[Round "4"]
[White "Mikhail_Golubev"]
[Black "Olghita64"]
[Result "0-1"]
[WhiteElo "2054"]
[BlackElo "2045"]
[TimeControl "600+2"]
[EndTime "11:01:50 PDT"]
[Termination "Olghita64 won by resignation"]

1. e4 c6 2. d4 d5 3. Nc3 dxe4 4. Nxe4 Bf5 5. Ng3 Bg6 6. c3 e6 7. Nh3 Bd6 8. Nf4 Nf6 9. h4 Bxf4 10. Bxf4 h6 11. h5 Bh7 12. Qb3 Qb6 13. Qa3 Nbd7 14. Be2 c5 15. Be3 Nd5 16. Bd2 cxd4 17. cxd4 Qxd4 18. Rd1 Qc5 19. Qxc5 Nxc5 20. Bb5+ Ke7 21. O-O Bd3 22. Bxd3 Nxd3 23. Bxh6 Rxh6 24. Rxd3 Rd8 25. Rfd1 Kf8 26. Rc1 Ke8 27. Ra3 a6 28. Rb3 b6 29.
Kf1 Kd7 30. Ra3 a5 31. Rf3 Ke7 32. a3 Rhh8 33. Rd3 Kf6 34. Rf3+ Ke7 35. Rd3 Rd7 36. Re1 Kd8 37. Rd4 Nf6 38. Rh4 Rd5 39. Ke2 Nxh5 40.
Ne4 Ke7 41. Reh1 Nf4+ 42. Kf3 Rxh4 43. Rxh4 Nd3 44. Rh7 g6 45. g4 Nxb2 46. g5 Nc4 47. a4 Nd2+ 48. Nxd2 Rxd2 49. Rh8 Rd5 50. Rb8 Rxg5 51.
Rb7+ Kf6 52. Rxb6 Rd5 53. Ke3 g5 54. Rb7 Kg6 55. Re7 g4 56. Ke4 Rf5 57. Ra7 Kg5 58.
Ke3 Rf3+ 59. Ke2 Rf5 60. Ke3 Rd5 61. Ra8 f5 62. Rg8+ Kf6 63. Rb8 Ke5 64. Rb6 f4+ 65.
Ke2 Kf5 66. Rb8 e5 67. Rf8+ Ke4 68. Rg8 Rd4 69. Rxg4 Rxa4 70. f3+ Kd4 71. Rg5 Ra2+ 72. Kd1 a4 73. Rg8 Ke3 74. Re8 Rd2+ 75. Kc1 Rd5 76.
Ra8 Kxf3 77. Rxa4 e4 0-1

[Event "GrandPrix_29.05"]
[Site "Chess.com"]
[Date "2020.05.29"]
[Round "4"]
[White "GM_dmitrij"]
[Black "NikolaN98"]
[Result "1/2-1/2"]
[WhiteElo "2499"]
[BlackElo "2124"]
[TimeControl "600+2"]
[EndTime "11:01:53 PDT"]
[Termination "Game drawn by repetition"]

1. e4 c5 2. Nf3 d6 3. d4 cxd4 4. Nxd4 Nf6 5. Nc3 g6 6. Be3 Bg7 7. Be2 Nc6 8. Qd2 Ng4 9. Bxg4 Bxg4 10. f3 Bd7 11. O-O-O Ne5 12. b3 Qa5 13. Kb1 Rc8 14. Nd5 Qxd2 15. Rxd2 Bc6 16. Ne2 b6 17. Bg5 Bxd5 18.
exd5 h6 19. Bh4 Kd7 20. Nd4 Rc5 21. c4 a6 22. Re1 g5 23. Bf2 Bf6 24. Nf5 Rc7 25.
Bd4 h5 26. Re4 Rb8 27. Rde2 Rbc8 28. a4 b5 29. axb5 axb5 30. c5 Rxc5 31. Bxc5 Rxc5 32.
Ne3 Rc7 33. Rc2 Ra7 34. Ra2 Rc7 35. Nc2 Nd3 36. Re3 Nf4 37. Nb4 Bd4 38. Re4 Bc5 39.
g3 f5 40. Rxe7+ Kxe7 41. Nc6+ Rxc6 42. dxc6 Nd5 43. Ra8 Bb6 44. Rh8 Nf6 45. Rb8 Nd5 46.
Rh8 Nf6 47. Rb8 Nd5 48. Kc1 g4 49. fxg4 hxg4 50. Kd2 Ke6 51. Re8+ Kf7 52. Rb8 Ke6 53. Re8+ Kf7 54. Rb8 b4 55. Kd3 Bc7 56. Rc8 Ke6 57. Re8+ Kf7 58. Rh8 Ke6 59. Kc4 Ne7 60. Rh6+ Ke5 61.
Rh7 Ke6 62. Kb5 d5 63. Rh6+ Ke5 64. Rh7 Ke6 65. Rh6+ Ke5 66. Rh7 Ke6 1/2-1/2

[Event "GrandPrix_29.05"]
[Site "Chess.com"]
[Date "2020.05.29"]
[Round "4"]
[White "Karinaa87"]
[Black "SergeyVashchilov"]
[Result "0-1"]
[WhiteElo "1829"]
[BlackElo "2087"]
[TimeControl "600+2"]
[EndTime "11:02:01 PDT"]
[Termination "SergeyVashchilov won by resignation"]

1. d4 d5 2. Nf3 Nf6 3. Bf4 c5 4. e3 Nc6 5. c3 Qb6 6. Qb3 c4 7. Qc2 Bf5 8. Qc1 Nh5 9. Bg3 Nxg3 10. hxg3 h6 11. Nbd2 e6 12. e4 Bh7 13. e5 Be7 14.
Be2 Qc7 15. Nf1 b5 16. Ne3 b4 17. O-O bxc3 18. bxc3 Qa5 19. Bd1 Qa3 20. Qd2 Rb8 21. Bc2 Rb2 22. Rac1 Rxa2 23. Rb1 Bd3 24. Rfc1 O-O 25.
Ne1 Bg6 26. f4 Be4 27. Nd1 Na5 28. Qe3 Nb3 29. Bxe4 Nxc1 30. Bc2 Nd3 31. Bxd3 cxd3 32. Qxd3 Ra1 33. Kh2 Rxb1 34. Qxb1 Qa6 35. f5 exf5 36. Ne3 Bg5 37. Nxf5 Qf1 38. Nd6 Bd2 39. Qb7 Qxe1 40. Qxd5 Bxc3 41. Nf5 Bb4 42. Qf3 Qd2 43. d5 a5 44. d6 a4 45. Qg4 Qg5 46. Ne7+ Kh8 47. Qxb4 Qxe5 48. Nc6 Qh5+ 49. Kg1 Qd1+ 50. Kh2 Rc8 51.
Ne7 Rd8 52. Nf5 Qh5+ 53. Nh4 Qd5 54. Qxa4 Qxd6 55. Qg4 Qf6 56. Nf3 g6 57. Qb4 Kg7 58. Qa5 Rd6 59. Qc5 Re6 60. Qc4 Rc6 61. Qd3 Rc1 62. Qe3 Rd1 63. Qe2 Rd5 64. Qe4 Rh5+ 65. Kg1 Qb6+ 66. Kf1 Rh1+ 67. Ke2 Qe6 68. Qxe6 fxe6 69.
Nd4 Kf6 70. Kf2 Rd1 71. Ne2 Rd5 72. Nc3 Rf5+ 73. Ke3 Ke5 74. g4 Rf4 75. g5 hxg5 76.
Ne2 Re4+ 77. Kf3 Rxe2 78. Kxe2 Kf4 79. Kf2 g4 80. g3+ Ke4 81. Ke2 g5 82. Kf2 Kd3 83.
Kf1 Kd2 84. Kf2 e5 0-1

[Event "GrandPrix_29.05"]
[Site "Chess.com"]
[Date "2020.05.29"]
[Round "4"]
[White "Robert_Chessmood"]
[Black "Bacyanide"]
[Result "0-1"]
[WhiteElo "2077"]
[BlackElo "2358"]
[TimeControl "600+2"]
[EndTime "11:02:02 PDT"]
[Termination "Bacyanide won by resignation"]

1. e4 e5 2. Nf3 Nc6 3. Bb5 a6 4. Ba4 Nf6 5. O-O b5 6. Bb3 Bc5 7. a4 Rb8 8. Nxe5 Nxe5 9. d4 Bxd4 10. Qxd4 d6 11. f4 c5 12. Qd1 Neg4 13. h3 c4 14.
hxg4 Bxg4 15. Qe1 cxb3 16. cxb3 O-O 17. Nc3 Re8 18. axb5 axb5 19. b4 Nxe4 20. Nxe4 Bf5 21. Qf2 Rxe4 22. Bd2 Qe7 23. Rfe1 Re8 24. Bc3 Rxe1+ 25.
Rxe1 Be4 26. Qd4 f6 27. Re3 d5 28. Kf2 Qc7 29. g3 Qc8 30. Qd1 Qh3 31. Qg1 h5 32. Ke1 Qd7 33. Re2 Ra8 34. Kd2 Qf5 35. Qc5 h4 36.
gxh4 Qxf4+ 37. Qe3 Qxh4 38. Re1 Re8 39. Qg1 Qf4+ 40. Qe3 Qxe3+ 41. Rxe3 Kf7 42. Rh3 g5 43. Rh6 Re6 44. Rh8 g4 45. Bd4 g3 46. Rb8 g2 47.
Rxb5 Bf3 48. Rb6 Re4 49. Bg1 Re2+ 50. Kd3 Re1 51. Bf2 g1=Q 52. Bxg1 Rxg1 53. b5 Rb1 54. Kc3 d4+ 55. Kxd4 Rxb2 56. Kc5 Kg6 57. Rb8 f5 58. b6 Kg5 59. Rg8+ Kf4 60. Rg7 Be4 61. Rf7 Ke3 62. Ra7 f4 63. Ra3+ Kf2 64. Ra4 Kf3 65. Kd4 Rd2+ 66. Ke5 Rd5+ 67. Ke6 Rb5 68. Ra3+ Kg4 69. Ra4 Bg2 70. Ra6 f3 71. Ra4+ Kg3 0-1